 Dungeon Sprint DCSS version 0.16.2-12-gd0ad4c3 (webtiles) character file.

5009 musteatbrain the Carver (level 10, -2/85 (86) HPs)
             Began as a Demonspawn Fighter on Oct 16, 2015.
             Was a High Priest of Yredelemnul.
             Slain by a death yak (31 damage)
             ... summoned by a spriggan berserker
             ... in the Dungeon (Sprint V: "Ziggurat Sprint").
             The game lasted 00:14:53 (841 turns).

musteatbrain the Carver (Demonspawn Fighter)         Turns: 841, Time: 00:14:53

HP:   -2/85 (86)    AC: 32    Str: 22    XL:     10   Next: 29%
MP:   15/21         EV:  9    Int: 10    God:    Yredelemnul [*****.]
Gold: 0             SH: 31    Dex: 27    Spells: 1 memorised, 2 levels left

rFire  + . .     SeeInvis .     K - +9 Sword of Zonguldrok {reap, Curse} (curse)
rCold  . . .     Clarity  .     L - +15 Maxwell's patent armour {-Cast -Tele rElec MR+ rCorr}
rNeg   + . .     SustAb   .     M - +18 shield of the gong {rElec rN+ MR+ EV-5}
rPois  +         Gourm    +     (helmet restricted)
rElec  +         Spirit   .     T - +2 cloak "Chiar" {-Cast rElec rPois Dex+2}
rCorr  +         Warding  .     (no gloves)
rMut   .         NoTele   +     (no boots)
MR     ++...     NoCast   +     a - amulet "Ske Soad" {Gourm rF+ Str+6 Dex-3}
Stlth  ..........               D - +6 ring of dexterity
                                E - +6 ring of dexterity (curse)

@: injury mirror, studying Long Blades, very resistant to hostile enchantments,
extremely unstealthy
A: claws 1, horns 2, talons 2, powered by death 2
a: Animate Dead, Recall Undead Slaves, Injury Mirror, Drain Life, Enslave Soul,
Renounce Religion


You were in the Dungeon.
You worshipped Yredelemnul.
Yredelemnul was extremely pleased with you.
You were hungry.

You visited 1 branch

Inventory:

Hand weapons
 b - the cursed +7 Singing Sword
   (You found it in the Dungeon)

   It has a curse placed upon it.
 c - the cursed +0 Sword of Power
   (You found it in the Dungeon)

   It has a curse placed upon it.
 K - the cursed +9 Sword of Zonguldrok (weapon) {reap, Curse}
   (You found it in the Dungeon)

   If a monster killed with it leaves a corpse in good enough shape, the corpse
   will be animated as a zombie friendly to the killer.
   It may re-curse itself when equipped.
   It has a curse placed upon it.
 N - the +14 plutonium sword {Contam Stlth-}
   (You found it in the Dungeon)

   It causes magical contamination when unequipped.
   It makes you less stealthy.
Armour
 L - the +15 Maxwell's patent armour (worn) {-Cast -Tele rElec MR+ rCorr}
   (You found it in the Dungeon)

   It insulates you from electricity.
   It affects your resistance to hostile enchantments.
   It prevents spellcasting.
   It prevents most forms of teleportation.
   It protects you from acid and corrosion.
 M - the +18 shield of the gong (worn) {rElec rN+ MR+ EV-5}
   (You found it in the Dungeon)

   It affects your evasion (-5).
   It insulates you from electricity.
   It protects you from negative energy.
   It affects your resistance to hostile enchantments.
 T - the +2 cloak "Chiar" (worn) {-Cast rElec rPois Dex+2}
   (You found it in the Dungeon)

   It affects your dexterity (+2).
   It insulates you from electricity.
   It protects you from poison.
   It prevents spellcasting.
Magical staves
 O - an uncursed staff of summoning
Jewellery
 a - the amulet "Ske Soad" (around neck) {Gourm rF+ Str+6 Dex-3}
   (You found it in the Dungeon)

   [amulet of the gourmand]

   It allows you to eat raw meat even when not hungry.
   It affects your strength (+6).
   It affects your dexterity (-3).
   It protects you from fire.
 D - a +6 ring of dexterity (right claw)
 E - a cursed +6 ring of dexterity (left claw)
 F - a +6 ring of intelligence
 G - a cursed +6 ring of intelligence
 H - a +6 ring of strength
 I - a +6 ring of strength
Magical devices
 y - a wand of disintegration (7)
 A - a wand of fire (5)
 B - a wand of cold (5)
 C - a wand of draining (5)
Scrolls
 k - 4 scrolls of blinking
 n - 4 scrolls of amnesia
 o - 3 scrolls of recharging
 p - 7 scrolls of fog
 q - 5 scrolls of identify
 r - 4 scrolls of remove curse (quivered)
 s - 2 scrolls of fear
 P - a scroll of brand weapon
Potions
 e - 5 potions of might
 f - 10 potions of curing
 g - 10 potions of heal wounds
 h - 6 potions of haste
 i - 7 potions of magic
 j - 3 potions of berserk rage
 t - 2 potions of brilliance
 u - 2 potions of invisibility
 v - a potion of restore abilities
 w - 4 potions of resistance
 z - 5 potions of agility
Books
 Q - the Reference Book on the Escort and Displacement
   (You found it in the Dungeon)

   Spells                             Type                      Level
   a - Summon Butterflies             Summoning                    1
   b - Recall                         Summoning/Translocation      3
   c - Summon Forest                  Summoning/Translocation      5
   d - Summon Hydra                   Summoning                    7
 R - a manual of Long Blades
 S - a Young Poisoner's Handbook

   Spells                             Type                      Level
   a - Sting                          Conjuration/Poison           1
   b - Cure Poison                    Poison                       2
   c - Mephitic Cloud                 Conjuration/Poison/Air       3
   d - Olgreb's Toxic Radiance        Poison                       4
   e - Venom Bolt                     Conjuration/Poison           5
 V - the Volume of Calling
   (You found it in the Dungeon)

   Spells                             Type                      Level
   a - Summon Butterflies             Summoning                    1
   b - Summon Small Mammal            Summoning                    1
   c - Call Canine Familiar           Summoning                    3
   d - Monstrous Menagerie            Summoning                    6
   e - Dragon's Call                  Summoning                    9
 W - the Guide on Beguiling
   (You found it in the Dungeon)

   Spells                             Type                      Level
   a - Corona                         Hexes                        1
   b - Tukima's Dance                 Hexes                        3
   c - Fulminant Prism                Conjuration/Hexes            4
   d - Cause Fear                     Hexes                        4
   e - Invisibility                   Hexes                        6
 X - A Thorough Guide to Witchcraft
   (You found it in the Dungeon)

   Spells                             Type                      Level
   a - Spellforged Servitor           Conjuration/Summoning        7
   b - Delayed Fireball               Conjuration/Fire             7
   c - Orb of Destruction             Conjuration                  7
   d - Summon Hydra                   Summoning                    7
Miscellaneous
 x - a fan of gales
 J - a disc of storms
 U - a sack of spiders
Comestibles
 d - 5 bread rations
 l - 42 fruits
 m - 4 meat rations


   Skills:
 + Level 10.8 Fighting
 + Level 12.1 Long Blades
 + Level 9.9 Armour
 + Level 9.4 Dodging
 + Level 9.9 Shields
 + Level 7.7 Invocations


You had 2 spell levels left.
You knew the following spells:

 Your Spells              Type           Power        Failure   Level  Hunger
a - Summon Hydra          Summ           #.........   100%        7    #######


Dungeon Overview and Level Annotations

Branches:
Dungeon (1/1)

Altars:
Ashenzari
Cheibriados
Dithmenos
Elyvilon
Fedhas
Gozag
Kikubaaqudgha
Makhleb
Nemelex Xobeh
Okawaru
Qazlal
Ru
Sif Muna
Trog
Vehumet
Xom
Yredelemnul
Zin
The Shining One
Beogh
Jiyva
Lugonu


Innate Abilities, Weirdness & Mutations

You have sharp fingernails.
You have a pair of horns on your head.
You have razor-sharp toenails.
You can steal the life force of defeated enemies.


Message History

BOUMMMMG!
You block the death yak's attack.
PTOANNNG!
You block the wind drake's attack.
GONNNNG!
The spriggan air mage waves its arms in wide circles.
The air twists around and strikes you! Yredelemnul mirrors your injury!
The spriggan air mage is moderately wounded.
The spriggan air mage waves its arms in wide circles.
The air twists around and strikes you! Yredelemnul mirrors your injury!
The spriggan air mage is moderately wounded.
The spriggan air mage hits you but does no damage.
The spriggan berserker utters an invocation to Trog.
The death yak goes berserk!
The death yak gores you but does no damage.
The death yak gores you!!
You die...
Your body rises from the dead as a mindless zombie.

▓▓▓▓▓▓▓▓▓▓▓▓▓▓▓▓▓▓▓
▓...8©8.. ▓...8©8...▓
▓..|\|=)..▓..[..))..▓
▓...\))}..▓....|)[..▓
▓.........▓.........▓
▓....R....▓.........▓
▓..iSi....▓.........▓
▓.hYYYY...▓.........▓
▓.ii@iR...▓.▓....)▓.▓
▓.▓ki...▓.▓.........▓
▓.........▓▓▓▓▓▓▓▓▓▓▓
▓▓▓▓▓▓▓▓▓▓▓


You could see 3 death yaks, an elephant (berserk), an anaconda, a wind drake, 3
spriggan berserkers, 2 dryads, 3 spriggan air magi and a polar bear (berserk).

Vanquished Creatures
  A death scarab (D)
  4 draconians (D)
  A spiny frog (D)
  2 guardian mummies (D)
  2 merfolk (D)
  2 yaks (D)
  A golden eye (D)
  2 hippogriffs (D)
  An orc warrior (D)
  An eye of draining (D)
  A centaur (D)
  A necrophage (D)
  A crocodile (D)
  A quasit (D)
  3 jellies (D)
  2 orc wizards (D)
  A sheep (D)
  4 mummies (D)
  An orc zombie (D)
  An adder zombie (D)
  An ooze (D)
  4 bat skeletons (D)
  2 bat zombies (D)
  A jackal (D)
  A jackal skeleton (D)
  A quokka zombie (D)
43 creatures vanquished.

Vanquished Creatures (collateral kills)
  A sixfirhy (D)
  A tormentor (D)
  A raiju (D)
  2 chaos spawn (D)
  A merfolk zombie (D)
  An orc priest (D)
  An orc wizard (D)
  A quasit (D)
  A sheep (D)
  A shadow imp (D)
  An ufetubus (D)
  An orc (D)
  A quokka (D)
14 creatures vanquished.

Vanquished Creatures (others)
  Eustachio (D)
  Menkaure (D)
  2 hippogriff zombies (D)
  2 mummies (D)
6 creatures vanquished.

Grand Total: 63 creatures vanquished

Notes
Turn   | Place    | Note
--------------------------------------------------------------
     0 | D        | musteatbrain, the Demonspawn Fighter, began the quest for the Orb.
     0 | D        | Reached XP level 1. HP: 18/18 MP: 1/1
     0 | D        | Found a basalt altar of Yredelemnul.
     0 | D        | Found an iron altar of Okawaru.
     2 | D        | Found a radiant altar of Vehumet.
     2 | D        | Found a shimmering altar of Xom.
     3 | D        | Killed Menkaure
     4 | D        | Found a burning altar of Makhleb.
     7 | D        | Found a deep blue altar of Sif Muna.
     8 | D        | Found a white marble altar of Elyvilon.
     8 | D        | Found a sparkling altar of Nemelex Xobeh.
     9 | D        | Found a corrupted altar of Lugonu.
     9 | D        | Found a bloodstained altar of Trog.
    13 | D        | Found a viscous altar of Jiyva.
    65 | D        | Reached skill level 7 in Long Blades
    65 | D        | Gained mutation: You have sharp toenails. [demonic ancestry]
    65 | D        | Reached XP level 2. HP: 24/24 MP: 2/2
   152 | D        | Became a worshipper of Yredelemnul the Dark
   161 | D        | Entered arena 1.
   161 | D        | Noticed an eye of draining
   161 | D        | Noticed a jelly
   164 | D        | Killed a jelly
   164 | D        | Reached skill level 1 in Dodging
   164 | D        | Gained mutation: You have sharp fingernails. [demonic ancestry]
   164 | D        | Reached XP level 3. HP: 29/29 MP: 3/3
   168 | D        | Killed an eye of draining
   168 | D        | Gained mutation: You can steal the life force of nearby defeated enemies. [demonic ancestry]
   168 | D        | Reached XP level 4. HP: 35/38 MP: 2/4
   168 | D        | Gained mutation: You have a pair of small horns on your head. [demonic ancestry]
   168 | D        | Reached XP level 5. HP: 39/43 MP: 2/5
   172 | D        | Got the amulet "Ske Soad" {Gourm rF+ Str+6 Dex-3}
   202 | D        | Entered arena 2.
   202 | D        | Noticed a quasit
   217 | D        | Killed a quasit
   217 | D        | Reached skill level 5 in Fighting
   217 | D        | Reached skill level 8 in Long Blades
   231 | D        | Entered arena 3.
   231 | D        | Noticed a draconian
   231 | D        | Noticed a draconian
   231 | D        | Noticed a draconian
   231 | D        | Noticed a draconian
   237 | D        | Killed a draconian
   237 | D        | Acquired Yredelemnul's first power
   237 | D        | Reached skill level 9 in Long Blades
   237 | D        | Reached skill level 5 in Dodging
   237 | D        | Reached XP level 6. HP: 45/53 MP: 6/6
   237 | D        | Reached XP level 7. HP: 50/59 MP: 7/7
   241 | D        | Killed a draconian
   247 | D        | Killed a draconian
   247 | D        | Gained mutation: You have a pair of horns on your head. [demonic ancestry]
   247 | D        | Reached XP level 8. HP: 54/68 MP: 8/8
   251 | D        | Killed a draconian
   251 | D        | Acquired Yredelemnul's second power
   251 | D        | Reached skill level 10 in Long Blades
   406 | D        | Entered arena 4.
   406 | D        | Noticed a jelly
   406 | D        | Noticed a golden eye
   406 | D        | Noticed a jelly
   410 | D        | Killed a golden eye
   411 | D        | Killed a jelly
   413 | D        | Killed a jelly
   415 | D        | Acquired Yredelemnul's third power
   434 | D        | Entered arena 5.
   434 | D        | Noticed a necrophage
   437 | D        | Killed a necrophage
   451 | D        | Identified Lee's Reference Book on Conjuration (You found it in the Dungeon)
   457 | D        | Entered arena 6.
   457 | D        | Noticed a yak
   457 | D        | Noticed a spiny frog
   457 | D        | Noticed a crocodile
   457 | D        | Noticed a yak
   462 | D        | Killed a spiny frog
   462 | D        | Gained mutation: You have razor-sharp toenails. [demonic ancestry]
   462 | D        | Reached XP level 9. HP: 70/76 MP: 9/12
   463 | D        | Killed a crocodile
   466 | D        | Killed a yak
   466 | D        | Acquired Yredelemnul's fourth power
   467 | D        | Received a gift from Yredelemnul
   468 | D        | Killed a yak
   474 | D        | Killed Eustachio
   485 | D        | Entered arena 7.
   485 | D        | Noticed an orc wizard
   485 | D        | Noticed an orc wizard
   485 | D        | Noticed an orc wizard
   485 | D        | Noticed an orc warrior
   485 | D        | Noticed an orc priest
   491 | D        | Killed an orc warrior
   491 | D        | Received a gift from Yredelemnul
   493 | D        | Killed an orc priest
   494 | D        | Killed an orc wizard
   495 | D        | Killed an orc wizard
   495 | D        | Acquired Yredelemnul's fifth power
   495 | D        | Killed an orc wizard
   496 | D        | Received a gift from Yredelemnul
   544 | D        | Identified the Volume of Calling (You found it in the Dungeon)
   546 | D        | Got the ring of Mougokoh {Wiz rPois Str+4}
   549 | D        | Identified A Thorough Guide to Witchcraft (You found it in the Dungeon)
   565 | D        | Entered arena 8.
   565 | D        | Noticed a merfolk
   565 | D        | Noticed a hippogriff
   565 | D        | Noticed a hippogriff
   565 | D        | Noticed a centaur
   565 | D        | Noticed a merfolk
   574 | D        | Killed a merfolk
   574 | D        | Reached skill level 5 in Invocations
   575 | D        | Killed a centaur
   575 | D        | Received a gift from Yredelemnul
   576 | D        | Killed a hippogriff
   576 | D        | Reached skill level 10 in Fighting
   576 | D        | Reached skill level 11 in Long Blades
   578 | D        | Killed a hippogriff
   579 | D        | Received a gift from Yredelemnul
   582 | D        | Killed a merfolk
   590 | D        | Identified the Reference Book on the Escort and Displacement (You found it in the Dungeon)
   621 | D        | Entered arena 9.
   621 | D        | Noticed a sixfirhy
   621 | D        | Noticed a quasit
   621 | D        | Noticed a chaos spawn
   621 | D        | Noticed a tormentor
   621 | D        | Noticed a chaos spawn
   621 | D        | Noticed a raiju
   625 | D        | Killed a sixfirhy
   626 | D        | Killed a quasit
   627 | D        | Killed a raiju
   628 | D        | Received a gift from Yredelemnul
   628 | D        | Killed a chaos spawn
   631 | D        | Killed a tormentor
   631 | D        | Gained mutation: You can steal the life force of defeated enemies. [demonic ancestry]
   631 | D        | Reached XP level 10. HP: 62/86 MP: 16/20
   633 | D        | Killed a chaos spawn
   645 | D        | Got the ring of Stroof {+Fly rElec Int+3 Stlth+}
   655 | D        | Learned a level 7 spell: Summon Hydra
   657 | D        | Entered arena 10.
   657 | D        | Noticed a guardian mummy
   657 | D        | Noticed a death scarab
   657 | D        | Noticed a guardian mummy
   664 | D        | Killed a guardian mummy
   668 | D        | Killed a death scarab
   675 | D        | Killed a guardian mummy
   675 | D        | Reached skill level 12 in Long Blades
   819 | D        | Got the +2 cloak "Chiar" {-Cast rElec rPois Dex+2}
   827 | D        | Identified the Guide on Beguiling (You found it in the Dungeon)
   834 | D        | Entered arena 11.
   834 | D        | Noticed a wind drake
   834 | D        | Noticed an anaconda
   834 | D        | Noticed a spriggan berserker
   834 | D        | Noticed a spriggan air mage
   834 | D        | Noticed a spriggan berserker
   834 | D        | Noticed a spriggan air mage
   834 | D        | Noticed a dryad
   834 | D        | Noticed a spriggan air mage
   835 | D        | Noticed a spriggan berserker
   835 | D        | Noticed a dryad
   836 | D        | Noticed a death yak
   837 | D        | Noticed a death yak
   838 | D        | Noticed an elephant
   841 | D        | Slain by a death yak

Action                   |  1- 3 |  4- 6 |  7- 9 | 10-12 || total
-------------------------+-------+-------+-------+-------++-------
Melee: Double sword      |     6 |    19 |    68 |    30 ||   123
Invok: Animate Dead      |       |       |     3 |     2 ||     5
       Recall Undead Sla |       |       |     1 |       ||     1
       Injury Mirror     |       |       |       |     1 ||     1
       Drain Life        |       |       |       |     1 ||     1
  Use: Potion            |     1 |     1 |     2 |     1 ||     5
       Scroll            |     1 |       |       |       ||     1
 Stab: Distracted        |       |       |     3 |       ||     3
